 Dungeon Crawl Stone Soup version 0.19.0-11-g3fc08b3 (webtiles) character file.

1864 UncleArthy the Cudgeler (level 8, -8/102 HPs)
             Began as a Black Draconian Berserker on Nov 8, 2016.
             Was an Elder of Trog.
             Mangled by a gnoll sergeant
             ... wielding a +0 trident
              (10 damage)
             ... on level 6 of the Dungeon.
             The game lasted 01:00:41 (4802 turns).

UncleArthy the Cudgeler (Black Draconian Berserker) Turns: 4802, Time: 01:00:41

Health: -8/102     AC:  7    Str: 31    XL:     8   Next: 90%
Magic:  8/8        EV: 18    Int:  7    God:    Trog [****..]
Gold:   371        SH:  0    Dex: 12    Spells: 0 memorised, 7 levels left

rFire  . . .     SeeInvis .     m - +5 mace
rCold  . . .     Gourm    .     (armour unavailable)
rNeg   . . .     Faith    .     (no shield)
rPois  .         Spirit   .     u - +0 hat
rElec  +         Reflect  .     (no cloak)
rCorr  .         Harm     .     q - +0 pair of gloves
MR     ++...                    (no boots)
Stlth  ..........               (no amulet)
                                h - +5 ring of strength
                                p - +3 ring of evasion

@: berserking (expiring), regenerating, very quick
A: breathe lightning, unfitting armour, electricity resistance, cold-blooded, AC
+6
a: Breathe Lightning, Berserk, Trog's Hand, Brothers in Arms, Burn Spellbooks,
Renounce Religion


You were on level 6 of the Dungeon.
You worshipped Trog.
Trog was greatly pleased with you.
You were not hungry.

You visited 1 branch of the dungeon, and saw 6 of its levels.

You collected 371 gold pieces.

Inventory:

Hand Weapons
 a - a +1 falchion
 d - a +0 dagger
 f - a +0 dagger
 m - a +5 mace (weapon)
 s - a +2 flail of crushing
 v - a cursed -2 rapier
 B - a +0 shortbow
 E - a +1 flail of holy wrath
Missiles
 c - 153 stones
 e - 9 tomahawks (quivered)
 j - 6 curare-tipped needles
 l - 140 arrows
 t - 32 poisoned needles
Armour
 k - a +0 chain mail
 q - a +0 pair of gloves (worn)
 u - a +0 hat (worn)
 y - a +2 pair of boots
Jewellery
 g - an uncursed ring of fire
 h - a +5 ring of strength (right hand)
 p - a +3 ring of evasion (left hand)
 A - an uncursed ring of loudness
 G - an uncursed ring of protection from magic
Wands
 i - a wand of flame (14/48)
Scrolls
 b - 2 scrolls of remove curse
 o - 2 scrolls of magic mapping
 r - a scroll of noise
 x - 2 scrolls of immolation
 D - a scroll of blinking
Potions
 n - a potion of lignification
 C - a potion of brilliance
 F - a potion of invisibility
Comestibles
 w - 2 bread rations
 z - 3 meat rations


   Skills:
 + Level 5.2 Fighting
 + Level 6.1 Long Blades
 * Level 6.6 Maces & Flails
 + Level 2.3 Throwing
 + Level 5.7 Dodging
 - Level 1.8 Stealth
 + Level 0.4 Evocations


You had 7 spell levels left.
You didn't know any spells.

Dungeon Overview and Level Annotations

Branches:
Dungeon (6/15)
 Temple: D:4-7

Altars:
Fedhas
Trog


Innate Abilities, Weirdness & Mutations

You can breathe wild blasts of lightning.
Your glossy black scales are hard. (AC +6)
You cannot fit into any form of body armour.
You are resistant to electric shocks. (rElec)
You are cold-blooded and may be slowed by cold attacks.


Message History

The gnoll barely misses you.
You thump the gnoll!
You kill the gnoll!
Trog accepts your kill. The gnoll closely misses you.
The bullfrog closely misses you. The gnoll hits you.
* * * LOW HITPOINT WARNING * * *
The gnoll sergeant hits you from afar with a trident.
* * * LOW HITPOINT WARNING * * *
The gnoll misses you.
You are too berserk!
You closely miss the gnoll. You tail-slap the gnoll.
The gnoll is moderately wounded.
The bullfrog closely misses you. The gnoll hits you but does no damage.
You sock the gnoll!
You kill the gnoll!
Trog accepts your kill. The gnoll closely misses you.
The bullfrog closely misses you.
The gnoll sergeant hits you from afar with a trident!
You die...

.# ##................. .#
##.................. .#
####..................
.###....#................
.........................
#.#.#.#...#(.............
..........##..g...((.....
.#.#.#.#......gggF...#.
...............Z@...##
#.#.#.#.#.....#######
..............#
.#.#.#.#.#.####
.............
#.#.#.#.#....
.............
.#.#.#.#.... ........#


You could see a gnoll sergeant, a bullfrog, 3 gnolls and an adder zombie.

Vanquished Creatures
  The ghost of Bluestream the Conjurer, an amateur DECj (D:5)
  Duvessa (D:5)
  2 ice beasts (D:6)
  An orc warrior (D:6)
  A centaur (D:5)
  An ogre (D:5)
  The ghost of a131a the Chiller, an amateur HuIE of Hepliaklqana (D:3)
  Blork the orc (D:5)
  Dowan (D:5)
  A scorpion (D:4)
  3 wights (D:6)
  A howler monkey (D:4)
  2 crimson imps
  2 hounds
  3 orc wizards
  An orc priest (D:3)
  A centaur skeleton (D:5)
  5 iguanas
  3 worker ants
  Terence (D:2)
  A hound skeleton (D:6)
  3 worker ant zombies
  Robin (D:2)
  2 gnolls (D:6)
  7 adders
  A shadow imp (D:6)
  An ooze (D:1)
  2 adder skeletons
  2 worms
  A dart slug (D:4)
  6 leopard geckos
  6 orcs
  2 giant cockroaches
  18 goblins
  10 hobgoblins
  10 jackals
  7 bats
  5 frilled lizards
  A jackal zombie (D:5)
  2 kobolds (D:1)
  2 leopard gecko skeletons (D:5)
  A quokka zombie (D:5)
  7 rats
131 creatures vanquished.

Notes
Turn   | Place    | Note
-------+----------+-------------------------------------------
     0 | D:1      | UncleArthy the Draconian Berserker began the quest for the Orb.
     0 | D:1      | Reached XP level 1. HP: 19/19 MP: 1/1
   263 | D:1      | Reached XP level 2. HP: 26/26 MP: 2/2
   312 | D:1      | Reached skill level 1 in Stealth
   766 | D:1      | Reached XP level 3. HP: 33/33 MP: 3/3
   838 | D:2      | Reached ** piety under Trog
  1115 | D:2      | Noticed Terence
  1121 | D:2      | Killed Terence
  1121 | D:2      | Reached XP level 4. HP: 40/40 MP: 4/4
  1203 | D:2      | Noticed Robin
  1217 | D:2      | Killed Robin
  1865 | D:3      | Reached XP level 5. HP: 46/46 MP: 5/5
  1944 | D:3      | Noticed a131a's ghost (amateur HuIE)
  1953 | D:3      | Killed a131a's ghost
  1988 | D:3      | Found a faded altar of an unknown god.
  2324 | D:3      | Reached XP level 6. HP: 52/52 MP: 6/6
  2517 | D:3      | You fall through a shaft!
  2548 | D:4      | Reached *** piety under Trog
  2562 | D:4      | Reached skill level 5 in Long Blades
  2572 | D:4      | Reached skill level 1 in Throwing
  2883 | D:5      | Entered Level 5 of the Dungeon
  2973 | D:5      | Noticed Bluestream's ghost (amateur DECj)
  2985 | D:5      | Killed Bluestream's ghost
  2985 | D:5      | Reached skill level 1 in Maces & Flails
  2985 | D:5      | Your scales start taking on a glossy black colour.
  2985 | D:5      | Reached XP level 7. HP: 48/60 MP: 7/7
  2985 | D:5      | Gained mutation: You are resistant to electric shocks. (rElec) [Black Draconian growth]
  3136 | D:5      | Noticed Blork the orc
  3148 | D:5      | Killed Blork the orc
  3148 | D:5      | Reached skill level 5 in Dodging
  3205 | D:5      | Found a blossoming altar of Fedhas.
  3548 | D:5      | Noticed Dowan
  3552 | D:5      | Noticed Duvessa
  3576 | D:5      | Killed Duvessa
  3576 | D:5      | Reached XP level 8. HP: 31/67 MP: 8/8
  3579 | D:5      | Killed Dowan
  4178 | D:6      | Reached skill level 5 in Fighting
  4178 | D:6      | Reached skill level 5 in Maces & Flails
  4410 | D:6      | Reached **** piety under Trog
  4795 | D:6      | HP: 4/102 [bullfrog (5)]
  4800 | D:6      | HP: 3/102 [gnoll (1)]
  4800 | D:6      | HP: 1/102 [gnoll sergeant/trident (2)]
  4802 | D:6      | Mangled by a gnoll sergeant

Skill      XL: |  1  2  3  4  5  6  7  8 |
---------------+-------------------------+-----
Stealth        | 1 |  1.8
Dodging        | 3 4 5 |  5.7
Long Blades    | 4 5 6 |  6.1
Fighting       | 4 5 |  5.2
Throwing       | 1 2 |  2.3
Maces & Flails | 1 3 6 |  6.6
Evocations     | |  0.4

Action                   |  1- 3 |  4- 6 |  7- 9 || total
-------------------------+-------+-------+-------++-------
Melee: Falchion          |    87 |   165 |       ||   252
       Tailslap          |     8 |    32 |    21 ||    61
       Hunting sling     |       |     1 |       ||     1
       Mace              |       |    16 |   126 ||   142
 Fire: Hunting sling     |       |     1 |       ||     1
Throw: Stone             |    35 |       |       ||    35
       Tomahawk          |     1 |    12 |    26 ||    39
Invok: Berserk           |     1 |     2 |     2 ||     5
       Burn Spellbooks   |       |     1 |       ||     1
       Trog's Hand       |       |       |     1 ||     1
 Abil: Breathe Lightning |       |       |     6 ||     6
Evoke: Wand              |       |       |     4 ||     4
  Use: Potion            |     4 |     3 |       ||     7
       Scroll            |     6 |     3 |     5 ||    14
 Stab: Invisible         |     1 |       |       ||     1
       Sleeping          |     1 |       |     1 ||     2
  Eat: Bread ration      |       |     2 |     2 ||     4
       Beef jerky        |       |     1 |       ||     1
       Fruit             |       |       |     3 ||     3
Armor: Skin              |    19 |   168 |    24 ||   211
Dodge: Dodged            |    56 |   136 |   137 ||   329
       Rpst.: Falchion   |    21 |    32 |       ||    53
